 Dungeon Crawl Stone Soup version 0.25-a0-1130-g3926558f3a (webtiles) character file.

Game seed: 9948963862330521284, levelgen mode: deterministic

555 kae the Distorting Ant (level 7, -8/55 HPs)
             Began as a Formicid Abyssal Knight on May 19, 2020.
             Was a Believer of Lugonu.
             Mangled by an ogre
             ... wielding a +0 giant club
              (14 damage)
             ... on level 4 of the Dungeon.
             The game lasted 00:04:06 (3889 turns).

kae the Distorting Ant (Formicid Abyssal Knight)    Turns: 3889, Time: 00:04:06

Health: -8/55      AC: 11    Str: 15 (18) XL:     7   Next: 56%
Magic:  11/11      EV:  9    Int: 12      God:    Lugonu [**....]
Gold:   222        SH:  0    Dex:  9 (10) Spells: 6/6 levels left

rFire    . . .     SeeInvis +   a - +1 falchion
rCold    . . .     Gourm    .   (no shield)
rNeg     . . .     Faith    .   l - +4 scale mail {rPois}
rPois    +         Spirit   .   (helmet unavailable)
rElec    .         Reflect  .   (no cloak)
rCorr    .         Harm     .   o - +0 pair of gloves
MR       .....                  (no boots)
Stlth    ..........             (no amulet)
HPRegen  0.18/turn              (no ring)
MPRegen  0.12/turn              (no ring)

@: no status effects
A: permanent stasis, dig shafts and tunnels, four strong arms, antennae 3
a: Dig, Shaft Self, Depart the Abyss, Bend Space, Renounce Religion


You were on level 4 of the Dungeon.
You worshipped Lugonu.
Lugonu was pleased with you.
You were near starving.

You visited 1 branch of the dungeon, and saw 4 of its levels.
You visited the Abyss 1 time.

You collected 222 gold pieces.

Inventory:

Hand Weapons
 a - a +1 falchion (weapon)
Armour
 b - a +1 leather armour
 l - a +4 scale mail of poison resistance (worn)
 o - a +0 pair of gloves (worn)
Jewellery
 f - a cursed ring of attention {unknown}
Scrolls
 d - 5 scrolls of identify
 i - a scroll of teleportation {unknown}
 j - a scroll of remove curse {unknown}
Potions
 e - 2 potions of might
 g - a potion of invisibility
 h - a potion of resistance
 n - a potion of degeneration
Comestibles
 c - 7 rations


   Skills:
 + Level 4.9 Fighting
 * Level 5.1 Long Blades
 - Level 2.1 Armour
 - Level 0.8 Dodging
 * Level 6.0 Invocations


You had 6 spell levels left.
You didn't know any spells.
Your spell library was empty.

Dungeon Overview and Level Annotations

Branches:
Dungeon (4/15)
 Temple: D:4-7

Altars:
Elyvilon
Fedhas
Hepliaklqana
Kikubaaqudgha
Sif Muna
Yredelemnul


Innate Abilities, Weirdness & Mutations

You cannot be hasted, slowed, berserked, paralysed or teleported.
You can dig through walls and to a lower floor.
Your four strong arms can wield two-handed weapons with a shield.
You have a pair of large antennae on your head. (SInv)


Message History

You hit the ogre but do no damage.
The ogre is heavily wounded.
The ogre hits you with a +0 giant club.
You hit the ogre but do no damage.
The ogre is heavily wounded.
The ogre hits you with a +0 giant club!
You hit the ogre but do no damage.
The ogre is heavily wounded.
The ogre hits you with a +0 giant club!
* * * LOW HITPOINT WARNING * * *
You hit the ogre.
The ogre is heavily wounded.
You hit the ogre.
The ogre is heavily wounded.
The ogre closely misses you.
You riposte.
You closely miss the ogre.
The ogre is heavily wounded.
You hit the ogre.
The ogre is severely wounded.
The ogre hits you with a +0 giant club!
You die...

##...........####..######....
#............#..........##.##
###.#...................###...#
.?.............##รท......##.....
#.##......O.....##.......#......
#.
#.............##........).._.. .
...............##.......#......
...#############O#.......##.....
.## #@##.......###...#
####.).......##.##
#########..[.# ######


You could see an ogre.

Vanquished Creatures
  A phantom (D:4)
  An ogre (D:4)
  A scorpion (D:3)
  A howler monkey (D:4)
  2 hounds
  2 worker ants (D:4)
  2 orc wizards (D:4)
  4 adders
  An ooze (D:3)
  A worm (D:3)
  2 dart slugs
  5 leopard geckos
  10 orcs
  3 giant cockroaches
  9 goblins
  4 hobgoblins
  4 jackals (D:3)
  2 quokkas
  A ball python (D:4)
  11 bats
  A frilled lizard (D:3)
  7 kobolds
  5 rats
80 creatures vanquished.

Notes
Turn   | Place    | Note
-------+----------+-------------------------------------------
     0 | Abyss:1  | kae the Formicid Abyssal Knight began the quest for the
                  | Orb.
     0 | Abyss:1  | Reached XP level 1. HP: 18/18 MP: 2/2
    37 | Abyss:1  | Noticed a thrashing horror
    38 | D:1      | Escaped the Abyss
   175 | D:1      | Reached XP level 2. HP: 24/24 MP: 3/3
   200 | D:1      | Reached * piety under Lugonu
   746 | D:1      | Reached XP level 3. HP: 29/29 MP: 5/5
   933 | D:1      | Reached skill level 3 in Invocations
  1091 | D:2      | Found a basalt altar of Yredelemnul.
  1189 | D:2      | Found an ancient bone altar of Kikubaaqudgha.
  1620 | D:2      | Reached XP level 4. HP: 36/37 MP: 6/6
  1710 | D:2      | Found a shimmering blue altar of Sif Muna.
  1710 | D:2      | Found a white marble altar of Elyvilon.
  2300 | D:3      | Reached ** piety under Lugonu
  2320 | D:3      | HP: 1/37 [bat (1)]
  2490 | D:3      | Reached XP level 5. HP: 39/42 MP: 7/7
  2556 | D:3      | Reached skill level 4 in Invocations
  2664 | D:3      | Found a blossoming altar of Fedhas.
  2720 | D:4      | Noticed an ogre
  2731 | D:4      | Killed an ogre
  2731 | D:4      | Reached XP level 6. HP: 12/48 MP: 9/9
  2806 | D:4      | Gained mutation: You are dopey. (Int -2) [potion of
                  | mutation]
  2806 | D:4      | Lost mutation: You are dopey. (Int -2) [potion of mutation]
  2996 | D:4      | Noticed a phantom
  3022 | D:4      | Reached skill level 5 in Invocations
  3036 | D:4      | Noticed an ogre
  3380 | D:4      | Reached XP level 7. HP: 44/55 MP: 11/11
  3521 | D:4      | Found a hazy altar of Hepliaklqana.
  3672 | D:4      | Reached skill level 5 in Long Blades
  3672 | D:4      | Reached skill level 6 in Invocations
  3889 | D:4      | Mangled by an ogre

Illustrated notes

Levels and vault maps discovered:
D:1:      wander_arrival_chamber, layout_loops_ring, minivault_14, minivault_25,
          minmay_tetromino_s2
D:2:      layout_loops_corners, kiku_gazebo_garden_becter,
          nicolae_overflow_hidden_temple, gammafunk_temple_overflow_pools,
          kennysheep_generic_room_11
D:3:      layout_rooms, first_ration, fedhas_altar_3
D:4:      layout_rooms, lemuel_round_altar, gup_sewer_entry_bowl

Skill      XL: |  1  2  3  4  5  6  7 |
---------------+----------------------+-----
Invocations    | 3 4 5 6 |  6.0
Long Blades    | 3 4 5 |  5.1
Fighting       | 4 |  4.9
Armour         | |  2.1
Dodging        | |  0.8

Action                   |  1- 3 |  4- 6 |  7- 9 || total
-------------------------+-------+-------+-------++-------
Melee: Falchion          |   103 |   178 |    82 ||   363
Invok: Depart the Abyss  |     1 |       |       ||     1
 Abil: Dig               |       |     2 |     1 ||     3
  Use: Scroll            |     7 |     1 |       ||     8
       Potion            |       |    10 |       ||    10
 Stab: Invisible         |       |     3 |       ||     3
  Eat: Chunk             |     2 |     6 |     1 ||     9
Armor: Leather armour    |    30 |       |       ||    30
       Scale mail        |    32 |   127 |    22 ||   181
       Skin              |       |    26 |       ||    26
Dodge: Dodged            |    79 |   126 |    22 ||   227
       Rpst.: Falchion   |    27 |    35 |     6 ||    68

Table legend:
 A = Non-vault XP
 B = Vault XP
 C = Vault XP percentage of total XP
 D = Non-vault monster count
 E = Vault monster count
 F = Vault count percentage of total count
                 A         B        C        D         E       F
            +---------+---------+-------+---------+---------+-------
      Total |     792 |       2 |   0.3 |      79 |       1 |   1.2
            +---------+---------+-------+---------+---------+-------
        D:1 |      33 |       0 |   0.0 |      21 |       0 |   0.0
        D:2 |      37 |       2 |   5.1 |      13 |       1 |   7.1
        D:3 |     203 |       0 |   0.0 |      29 |       0 |   0.0
        D:4 |     519 |       0 |   0.0 |      16 |       0 |   0.0
            +---------+---------+-------+---------+---------+-------
